 Dungeon Crawl Stone Soup version 0.31.0-2-g5a2aebc5c2 (webtiles) character file.

Game seed: 7145437218113946185

105 stipulation the Ruffian (level 4, -2/38 HPs)
             Began as a Ghoul Monk on Jan 21, 2024.
             Killed by divine providence
             ... invoked by an orc priest
              (13 damage)
             ... on level 2 of the Dungeon.
             The game lasted 00:00:47 (1101 turns).

stipulation the Ruffian (Ghoul Monk)                Turns: 1101, Time: 00:00:48

Health: -2/38      AC:  2    Str: 16    XL:     4   Next: 83%
Magic:  4/4        EV: 12    Int:  9    God:
Gold:   92         SH:  0    Dex: 11    Spells: 3/3 levels left

rFire   . .          .
                       - Unarmed
rCold   + . .        c - orb {light}
rNeg    + + +        a - +0 robe
rPois   ∞            (no helmet)
rElec   .            (no cloak)
rCorr   .            (no gloves)
SInv    .            (no boots)
Will    .....        (no amulet)
Stlth   +            (no ring)
HPRegen 0.00/turn    (no ring)
MPRegen 0.09/turn

%: no passive effects
@: inhibited regen, glowing
A: claws 1, cold resistance 1, negative energy resistance 3, inhibited
regeneration, torment resistance 2, devour on kill
a: no special abilities


You were on level 2 of the Dungeon.
You visited 1 branch of the dungeon, and saw 2 of its levels.

You collected 92 gold pieces.

Inventory:

Armour
 a - a +0 robe (worn)
 c - an orb of light (worn)
Scrolls
 e - a scroll of revelation {unknown}
 f - a scroll of blinking {unknown}
 h - a scroll of poison {unknown}
 i - a scroll of noise {unknown}
 j - 2 scrolls of identify {unknown}
 k - a scroll of torment {unknown}
Potions
 b - a potion of ambrosia
 d - a potion of mutation {unknown}
 g - a potion of haste {unknown}


   Skills:
 - Level 3.2 Fighting
 - Level 2.6 Dodging
 + Level 5.9 Unarmed Combat


You had 3 spell levels left.
You didn't know any spells.
Your spell library was empty.

Dungeon Overview and Level Annotations

Branches:
Dungeon (2/15)

Altars:


Innate Abilities, Weirdness & Mutations

You are immune to poison.
You have sharp fingernails.
Your flesh is cold resistant. (rC+)
You are immune to negative energy. (rN+++)
You do not regenerate when monsters are visible.
You are immune to unholy pain and torment.
You thrive by killing the living.


Message History

You are too injured to fight recklessly!
You are too injured to fight recklessly!
You are too injured to fight recklessly!
You are too injured to fight recklessly!
You are too injured to fight recklessly!
You are too injured to fight recklessly!
You are too injured to fight recklessly!
You are too injured to fight recklessly!
You are too injured to fight recklessly!
You are too injured to fight recklessly!
You are too injured to fight recklessly!
You scratch the goblin.
You kill the goblin!
You feel better.
The orc priest hits you with a +0 dagger.
Things that are here:
a +0 dagger; a goblin corpse The orc priest hits you with a +0 dagger.
The orc wizard hits you with a +0 dagger.
Things that are here:
a +0 mace; an orc corpse You barely miss the orc priest.
The orc priest is lightly wounded.
The orc wizard hits you with a +0 dagger.
The orc priest hits you with a +0 dagger.
You scratch the orc priest but do no damage.
The orc priest is lightly wounded.
The orc wizard misses you. The orc priest closely misses you.
You scratch the orc priest.
The orc priest is moderately wounded.
The orc priest hits you with a +0 dagger.
* * * LOW HITPOINT WARNING * * *
The orc wizard hits you but does no damage.
You claw the orc priest!
The orc priest is almost dead.
The orc wizard points at you and mumbles some strange words.
You resist with some effort.
The orc priest calls down the wrath of Beogh upon you.
Beogh smites you!
You die...

. .##..#.##..# #.#
. .#..##.#..# ##.
..##....###
..♣♣.#..♣♣.#.# ♣♣
#.♣♣..#.♣♣..# ..
#....##....## #.
#.##..#.##....#
#..##)#).##.#...##
#o@o.##....####
#..♣♣.# .♣♣.#
♣..#. ♣..#.♣ ..
.... #. ..##.. .##
#.# .# ##. #. . #
. . #. ## ## .


You could see an orc priest and an orc wizard (invisible).

Vanquished Creatures
  5 gnolls
  A ribbon worm (D:2)
  2 dart slugs (D:1)
  2 orcs (D:2)
  3 ball pythons
  3 bats
  4 endoplasms (D:1)
  2 giant cockroaches (D:1)
  6 goblins
  7 hobgoblins
  3 kobolds (D:1)
  3 quokkas
  A frilled lizard (D:1)
  3 rats (D:1)
45 creatures vanquished.

Notes
Turn   | Place    | Note
-------+----------+-------------------------------------------
     0 | D:1      | stipulation the Ghoul Monk began the quest for the Orb.
     0 | D:1      | Reached XP level 1. HP: 19/19 MP: 1/1
   120 | D:1      | Reached XP level 2. HP: 26/26 MP: 2/2
   150 | D:1      | Reached skill level 4 in Unarmed Combat
   332 | D:1      | Reached XP level 3. HP: 26/31 MP: 3/3
   521 | D:1      | Reached skill level 5 in Unarmed Combat
   915 | D:2      | Reached XP level 4. HP: 10/38 MP: 4/4
  1101 | D:2      | Killed from afar by an orc priest

Illustrated notes

Levels and vault maps discovered:
D:1:      psy_arrival_dodecagon, layout_loops_ring, minivault_23
D:2:      layout_loops_ring, nicolae_eternal_life

Skill      XL: |  1  2  3 |
---------------+----------+-----
Unarmed Combat | 4 5 |  5.9
Fighting       | |  3.2
Dodging        | |  2.6

Action                     |  1- 3 |  4- 6 || total
---------------------------+-------+-------++-------
  Melee: Unarmed           |    79 |    28 ||   107
   Stab: Distracted        |     1 |       ||     1
 Armour: Robe              |    29 |    15 ||    44
  Dodge: Dodged            |    45 |    13 ||    58
